 Dungeon Sprint DCSS version 0.21.2 (webtiles) character file.

375 Fang the Fighter (level 6, -8/69 HPs)
             Began as a Gargoyle Berserker on Oct 16, 2018.
             Was a High Priest of Trog.
             Mangled by a snapping turtle (11 damage)
             ... in the Dungeon (Sprint VII: "The Pits").
             The game lasted 00:01:47 (776 turns).

Fang the Fighter (Gargoyle Berserker)                Turns: 776, Time: 00:01:47

Health: -8/69      AC: 17    Str: 27    XL:     6   Next: 73%
Magic:  6/6        EV: 10    Int:  8    God:    Trog [*****.]
Gold:   0          SH:  0    Dex:  9    Spells: 5/5 levels left

rFire    . . .     SeeInvis .   m - +1 hand axe (chop)
rCold    . . .     Gourm    .   (no shield)
rNeg     + . .     Faith    .   n - +3 chain mail
rPois    ∞         Spirit   .   (no helmet)
rElec    +         Reflect  .   (no cloak)
rCorr    .         Harm     .   (no gloves)
MR       .....     NoTele   +   (no boots)
Stlth    ..........             (no amulet)
HPRegen  0.21/turn              (no ring)
MPRegen  0.10/turn              (no ring)

@: berserking, very quick
A: negative energy resistance 1, electricity resistance, unbreathing,
petrification resistance, rot immunity, AC +4
a: Berserk, Trog's Hand, Brothers in Arms, Burn Spellbooks, Renounce Religion


You were in the Dungeon.
You worshipped Trog.
Trog was extremely pleased with you.
You were very hungry.

You visited 1 branch

Inventory:

Hand Weapons
 j - a +2 hand axe
 m - a +1 hand axe of chopping (weapon)
Armour
 n - a +3 chain mail (worn)
Scrolls
 i - a scroll of blinking
 k - 3 scrolls of remove curse
 l - a scroll of summoning
Potions
 a - 2 potions of invisibility
 d - 6 potions of curing
 e - 6 potions of heal wounds
 f - a potion of haste
 g - 4 potions of magic
 h - 3 potions of berserk rage
Comestibles
 b - 2 chunks of flesh
 c - 9 rations


   Skills:
 + Level 9.2 Fighting
 + Level 8.7 Axes
 + Level 5.3 Armour
 + Level 4.8 Dodging


You had 5 spell levels left.
You didn't know any spells.

Dungeon Overview and Level Annotations

Branches:
Dungeon (1/1)

Altars:
Cheibriados
Dithmenos
Elyvilon
Fedhas
Gozag
Hepliaklqana
Makhleb
Nemelex Xobeh
Okawaru
Qazlal
Ru
Sif Muna
Trog
Vehumet
Wu Jian
Xom
Yredelemnul
Zin
The Shining One
Beogh
Jiyva
Lugonu


Innate Abilities, Weirdness & Mutations

You are resistant to torment.
Your stone body is resilient. (AC +4)
You are immune to poison.
You resist negative energy. (rN+)
You are resistant to electric shocks. (rElec)
You can survive without breathing.
You are immune to petrification.
You are immune to rotting.


Message History

The snapping turtle is lightly wounded.
Unknown command.
You slash the snapping turtle!
The snapping turtle is moderately wounded.
The snapping turtle bites you but does no damage.
You barely miss the snapping turtle.
The snapping turtle is moderately wounded.
You slash the snapping turtle!
The snapping turtle is moderately wounded.
The snapping turtle bites you but does no damage.
You slash the snapping turtle!
The snapping turtle is heavily wounded.
You barely miss the snapping turtle.
The snapping turtle is heavily wounded.
The snapping turtle bites you!
* * * LOW HITPOINT WARNING * * *
You hit the snapping turtle.
The snapping turtle is severely wounded.
The snapping turtle bites you!
You die...

#.#..'..))[##.......#
#.#..#.)))[##.......#
#'###########.......#
#)).....# #########
#)).....# #...#...#
#..###..#+#
#...#...#t+
#.......#@#
#......('.#
###########


You could see a snapping turtle.

Vanquished Creatures
  2 floating eyes (D)
  A bullfrog (D)
  A gnoll sergeant (D)
  4 gnolls (D)
  An adder skeleton (D)
  A bat skeleton (D)
  A bat zombie (D)
  A giant cockroach (D)
  2 goblins (D)
  2 ball pythons (D)
  A ball python zombie (D)
  A leopard gecko zombie (D)
  2 rats (D)
20 creatures vanquished.

Notes
Turn   | Place    | Note
-------+----------+-------------------------------------------
     0 | D        | Fang the Gargoyle Berserker began the quest for the Orb.
     0 | D        | Reached XP level 1. HP: 14/14 MP: 1/1
    24 | D        | Found a bloodstained altar of Trog.
    24 | D        | Found a deep blue altar of Sif Muna.
    24 | D        | Found a viscous altar of Jiyva.
    24 | D        | Found a hazy altar of Hepliaklqana.
    24 | D        | Found an opulent altar of Gozag.
    25 | D        | Found a glowing golden altar of the Shining One.
    25 | D        | Found a glowing silver altar of Zin.
    25 | D        | Found a basalt altar of Yredelemnul.
    25 | D        | Found a shimmering altar of Xom.
    25 | D        | Found an ornate altar of the Wu Jian Council.
    25 | D        | Found a sacrificial altar of Ru.
    25 | D        | Found a stormy altar of Qazlal.
    25 | D        | Found an iron altar of Okawaru.
    25 | D        | Found a sparkling altar of Nemelex Xobeh.
    25 | D        | Found a burning altar of Makhleb.
    25 | D        | Found a blossoming altar of Fedhas.
    25 | D        | Found a white marble altar of Elyvilon.
    25 | D        | Found a shadowy altar of Dithmenos.
    25 | D        | Found a snail-covered altar of Cheibriados.
    27 | D        | Found a radiant altar of Vehumet.
    27 | D        | Found a corrupted altar of Lugonu.
    27 | D        | Found a roughly hewn altar of Beogh.
    71 | D        | Reached ** piety under Trog
   127 | D        | Reached skill level 4 in Fighting
   127 | D        | Reached XP level 2. HP: 20/20 MP: 2/2
   234 | D        | Noticed a floating eye
   234 | D        | Noticed a bullfrog
   237 | D        | Reached *** piety under Trog
   237 | D        | Paralysed by a floating eye for 4 turns
   244 | D        | Killed a bullfrog
   244 | D        | Reached skill level 6 in Fighting
   244 | D        | Reached skill level 5 in Axes
   244 | D        | Reached XP level 3. HP: 5/27 MP: 3/3
   244 | D        | Reached XP level 4. HP: 6/32 MP: 4/4
   246 | D        | Killed a floating eye
   246 | D        | Reached skill level 7 in Fighting
   246 | D        | Reached XP level 5. HP: 8/39 MP: 5/5
   646 | D        | Noticed a floating eye
   651 | D        | Killed a floating eye
   651 | D        | Reached skill level 8 in Fighting
   651 | D        | Reached XP level 6. HP: 45/45 MP: 6/6
   653 | D        | Reached **** piety under Trog
   658 | D        | Reached ***** piety under Trog
   666 | D        | Reached skill level 5 in Armour
   668 | D        | Reached skill level 9 in Fighting
   756 | D        | Received a gift from Trog
   761 | D        | Noticed a snapping turtle
   775 | D        | HP: 2/69 [snapping turtle (11)]
   776 | D        | Mangled by a snapping turtle

Skill      XL: |  1  2  3  4  5  6 |
---------------+-------------------+-----
Axes           | 3 5 6 7 8 |  8.7
Fighting       | 4 6 7 8 9 |  9.2
Dodging        | 3 4 |  4.8
Armour         | 3 4 5 |  5.3

Action                   |  1- 3 |  4- 6 || total
-------------------------+-------+-------++-------
Melee: Hand axe          |    18 |    37 ||    55
Invok: Berserk           |     1 |     2 ||     3
  Eat: Chunk             |       |     1 ||     1
Armor: Animal skin       |    13 |       ||    13
       Chain mail        |       |    17 ||    17
Dodge: Dodged            |    13 |     6 ||    19
